 Dungeon Crawl Stone Soup version 0.29-a0-317-gd16b76e6b1 (webtiles) character file.

Game seed: 14104771625462913006

541 Ijustatesigmund the Cudgeller (level 7, 0/45 HPs)
             Began as a Gargoyle Fighter on Mar 30, 2022.
             Slain by an orc
             ... wielding a +0 short sword
              (1 damage)
             ... on level 5 of the Dungeon.
             The game lasted 00:07:07 (4498 turns).

Ijustatesigmund the Cudgeller (Gargoyle Fighter)    Turns: 4498, Time: 00:07:08

Health: 0/45       AC: 11    Str: 23    XL:     7   Next: 26%
Magic:  7/7        EV:  9    Int: 10    God:
Gold:   165        SH:  0    Dex: 12    Spells: 6/6 levels left

rFire   . . .      SeeInvis .   g - +9 spear of Karma {protect, rN+ Str+3 Dex+3}
rCold   . . .      Faith    .   c - +1 buckler
rNeg    + + +      Spirit   .   b - +0 scale mail
rPois   ∞          Reflect  .   (no helmet)
rElec   +          Harm     .   (no cloak)
rCorr   .          Rampage  .   (no gloves)
Will    .....                   (no boots)
Stlth   ..........              (no amulet)
HPRegen 0.15/turn               e - ring of positive energy
MPRegen 0.10/turn               (no ring)

@: confused, ambrosia-drunk, invisible
A: sickness immunity, AC +4, negative energy resistance 1, electricity
resistance, torment resistance 1, petrification resistance
a: no special abilities


You were on level 5 of the Dungeon.
You visited 1 branch of the dungeon, and saw 5 of its levels.
You also visited: Sewer.

You collected 165 gold pieces.

Inventory:

Hand Weapons
 a - a +1 morningstar
 g - the +9 spear of Karma (weapon) {protect, rN+ Str+3 Dex+3}
   (You found it on level 2 of the Dungeon)

   It grants its wielder temporary protection when it strikes (+7 to AC).
   Str:       It affects your strength (+3).
   Dex:       It affects your dexterity (+3).
   rN:        It protects you from negative energy.
Missiles
 k - 2 throwing nets (quivered)
Armour
 b - a +0 scale mail (worn)
 c - a +1 buckler (worn)
Jewellery
 e - a ring of positive energy (left hand)
Wands
 j - a wand of charming (9)
Scrolls
 h - 2 scrolls of enchant weapon
 o - a scroll of fog
 p - a scroll of magic mapping
 s - a scroll of identify
Potions
 d - 2 potions of might
 f - a potion of ambrosia
 i - 3 potions of flight
 m - a potion of lignification {unknown}
 n - a potion of attraction {unknown}
 q - a potion of invisibility
 r - a potion of magic {unknown}
 t - 2 potions of mutation {unknown}
 u - a potion of degeneration {unknown}


   Skills:
 + Level 5.7 Fighting
 * Level 6.4 Maces & Flails
 - Level 3.2 Armour
 - Level 3.2 Shields


You had 6 spell levels left.
You didn't know any spells.
Your spell library contained the following spells:

 Spells                   Type           Power      Damage    Failure   Level
 Blink                    Tloc           0%         N/A       88%         2
 Manifold Assault         Tloc           0%         N/A       100%        5
 Storm Form               Tmut/Air       0%         N/A       100%        7


Dungeon Overview and Level Annotations

Branches:
Dungeon (5/15)              Sewer (visited)
 Temple: D:4-7

Altars:
Dithmenos
Sif Muna


Innate Abilities, Weirdness & Mutations

You are immune to sickness and miasma.
Your stone body is resilient. (AC +4)
You are immune to poison.
You resist negative energy. (rN+)
You are resistant to electric shocks. (rElec)
You are resistant to unholy torment.
You are immune to petrification.


Message History

You are too injured to fight recklessly!
You are too injured to fight recklessly!
You are too injured to fight recklessly!
You are too injured to fight recklessly!
You are too injured to fight recklessly!
Unknown command.
Okay, then.
The orc attacks as you move away! The orc hits you but does no damage.
The orc attacks as you move away! You block the orc's attack.
The orc attacks as you move away! You block the orc's attack.
The orc priest invokes the aid of Beogh against you.
Beogh smites you!
* * * LOW HITPOINT WARNING * * *
It was a potion of invisibility.
You fade into invisibility!
The ogre closely misses you.
You hit the ogre.
Your weapon exudes an aura of protection.
The ogre is lightly wounded.
You block the ogre's attack.
You puncture the ogre!
The ogre is heavily wounded.
The ogre hits you with a +0 giant spiked club.
* * * LOW HITPOINT WARNING * * *
You feel better. The orc hits you with a +0 dagger.
* * * LOW HITPOINT WARNING * * *
Unknown command.
You are confused.
You feel invigorated. The orc hits you but does no damage.
The ogre closely misses you.
You bump into the rock wall.
The orc closely misses you.
The ogre hits you with a +0 giant spiked club.
You're too confused to move!
The orc barely misses you. The orc hits you but does no damage.
You bump into the rock wall.
The orc barely misses you.
The ogre hits you with a +0 giant spiked club!!
Ouch! That really hurt!
* * * LOW HITPOINT WARNING * * *
The orc hits you with a +0 short sword.
You die...

.......##≈÷≈≈≈##≈# ....
........########.# ...##
#...####≈≈.≈≈≈≈≈## ....
.##.#.########### ... #
........###..#..###.. ...
.....#).....###...#.##....
.....###....#.##..#.......
......####.....ooO.o......
............####@#))......
.......#.#..# ####.......
.......###..# .(.....
.......# #.## ..>....
<....### ..# .......
.....# ##.. ....... #...##
#.# ....... #.## ..# #.
..#


You could see an ogre (can't see you), an orc priest (can't see you) and 2 orcs.

Vanquished Creatures
  A sky beast (D:5)
  A necrophage (D:4)
  The ghost of confidenceinterval the Sneak, a weakling DsDe of Okawaru (D:4)
  A jelly (D:5)
  3 gnolls (D:4)
  5 river rats
  6 adders
  An ufetubus (D:5)
  A dart slug (D:2)
  A worm (D:3)
  7 orcs
  7 bats
  9 endoplasms
  2 giant cockroaches (D:1)
  5 hobgoblins
  5 quokkas
  15 ball pythons
  8 frilled lizards
  5 goblins
  5 kobolds
  21 rats
110 creatures vanquished.

Vanquished Creatures (collateral kills)
  A phantom (D:5)
1 creature vanquished.

Vanquished Creatures (others)
  3 fungi (D:1)
  3 plants (D:1)
6 creatures vanquished.

Grand Total: 117 creatures vanquished

Notes
Turn   | Place    | Note
-------+----------+-------------------------------------------
     0 | D:1      | Ijustatesigmund the Gargoyle Fighter began the quest for
                  | the Orb.
     0 | D:1      | Reached XP level 1. HP: 14/14 MP: 1/1
   495 | D:1      | Found a faded altar of an unknown god.
   581 | D:1      | Reached XP level 2. HP: 19/19 MP: 2/2
  1219 | D:2      | Reached skill level 3 in Maces & Flails
  1225 | D:2      | Reached XP level 3. HP: 23/24 MP: 3/3
  1797 | D:2      | Identified the +9 spear of Karma {protect, rN+ Str+3 Dex+3}
  2236 | D:3      | Reached XP level 4. HP: 21/29 MP: 4/4
  2643 | D:3      | Found a shadowy altar of Dithmenos.
  2695 | D:4      | Reached skill level 4 in Maces & Flails
  2700 | D:4      | Found a shimmering blue altar of Sif Muna.
  2706 | D:4      | Reached XP level 5. HP: 33/34 MP: 5/5
  2762 | D:4      | Found a runed translucent gate.
  2762 | D:4      | Found a runed translucent gate.
  2766 | D:4      | Found a runed translucent gate.
  2766 | D:4      | Noticed confidenceinterval's ghost (weakling DsDe)
  2777 | D:4      | Killed confidenceinterval's ghost
  2905 | D:4      | Reached skill level 5 in Maces & Flails
  2905 | D:4      | Reached XP level 6. HP: 38/40 MP: 6/6
  3693 | D:5      | Entered Level 5 of the Dungeon
  3710 | D:5      | Noticed a sky beast
  3717 | D:5      | Killed a sky beast
  3718 | D:5      | Reached skill level 5 in Fighting
  3772 | D:5      | Reached skill level 6 in Maces & Flails
  3772 | D:5      | Reached XP level 7. HP: 40/44 MP: 7/7
  3877 | D:5      | Found a glowing drain.
  3881 | Sewer    | Entered a sewer
  4493 | D:5      | HP: 2/45 [ogre/+0 giant spiked club (4)]
  4498 | D:5      | HP: 1/45 [ogre/+0 giant spiked club (24)]
  4498 | D:5      | Slain by an orc

Illustrated notes

Levels and vault maps discovered:
D:1:      eino_arrival_cavern_e, layout_basic,
          shapermc_ecumenical_altar_hornbeckon, kennysheep_flooded_box
D:2:      layout_loops_ring
D:3:      layout_basic, lemuel_doored_altar
D:4:      layout_basic, mainiacjoe_overflow_concentric_impassable,
          ebering_ghost_rock_garden
D:5:      layout_cave_pools, mainiacjoe_overflow_tiny_flanked,
          gup_sewer_entry_spiral, kennysheep_opposing_triangles

Skill      XL: |  1  2  3  4  5  6 |
---------------+-------------------+-----
Maces & Flails | 3 4 5 6 |  6.4
Fighting       | 4 5 |  5.7
Armour         | |  3.2
Shields        | |  3.2

Action                   |  1- 3 |  4- 6 |  7- 9 || total
-------------------------+-------+-------+-------++-------
Melee: Morningstar       |   117 |       |       ||   117
       Flail             |     5 |       |       ||     5
       Spear             |    14 |    66 |    91 ||   171
  Use: Scroll            |     2 |     8 |     2 ||    12
       Potion            |       |       |     3 ||     3
Armor: Scale mail        |    83 |    16 |    20 ||   119
Dodge: Dodged            |    73 |    11 |    31 ||   115
Block: Buckler           |    33 |     6 |    15 ||    54

Table legend: (Time is in decaauts)
 A = Elapsed time spent in this place.
 B = Non-inter-level travel time spent in this place.
 C = Inter-level travel time spent in this place.
 D = Time resting spent in this place.
 E = Time spent auto-exploring this place.
 F = Levels seen in this place.
 G = Mean time per level.
                   A        B        C        D        E       F      G
               +--------+--------+--------+--------+--------+-----+--------+
         Total |   4682 |   4586 |     96 |    546 |   3097 |   6 |  780.3 |
       Dungeon |   4079 |   3983 |     96 |    546 |   2783 |   5 |  815.8 |
         Sewer |    602 |    602 |      0 |      0 |    314 |   1 |  602.0 |
               +--------+--------+--------+--------+--------+-----+--------+

Top non-repeatable levels by time:
     D:1: 1252 daAuts
     D:4: 1029 daAuts
     D:2: 937 daAuts
   Sewer: 602 daAuts
     D:3: 537 daAuts
     D:5: 323 daAuts
